 Dungeon Crawl Stone Soup version 0.26-a0-971-g1d9d62bb61 (webtiles) character file.

Game seed: 5882356515861573584

1957 dickylongcocking the Martial Artist (level 8, -3/71 HPs)
             Began as a Black Draconian Transmuter on Dec 4, 2020.
             Slain by an orc
             ... wielding a +0 flail
              (7 damage)
             ... on level 5 of the Dungeon.
             The game lasted 00:07:43 (7063 turns).

dickylongcocking the Martial Artist (DrTm)          Turns: 7063, Time: 00:07:44

Health: -3/71      AC:  8    Str: 12    XL:     8   Next: 99%
Magic:  7/11       EV: 12    Int: 16    God:
Gold:   157        SH:  0    Dex: 12    Spells: 0/11 levels left

rFire    . . .     SeeInvis .     - Unarmed
rCold    . . .     Faith    .   (shield currently unavailable)
rNeg     . . .     Spirit   .   (armour unavailable)
rPois    .         Reflect  .   (helmet restricted)
rElec    +         Harm     .   w - +0 cloak
rCorr    .         Rampage  .   (gloves currently unavailable)
MR       +....                  c - +0 pair of boots
Stlth    +.........             n - amulet of regeneration
HPRegen  0.61/turn              (no ring)
MPRegen  0.12/turn              (no ring)

@: short of breath, blade hands (expiring)
A: breathe lightning, unfitting armour, stinger 1, magic resistance 1,
electricity resistance, cold-blooded, MP-powered wands, AC +6
a: Breathe Lightning, End Transformation


You were on level 5 of the Dungeon.
You had blades for hands.
You visited 1 branch of the dungeon, and saw 5 of its levels.
You also visited: Sewer and Ossuary.

You collected 157 gold pieces.

Inventory:

Armour
 c - a +0 pair of boots (worn)
 f - a scarf of repulsion
 w - a +0 cloak (worn)
Jewellery
 g - an uncursed ring of ice
 n - an amulet of regeneration (around neck)
 o - an uncursed amulet of faith {unknown}
 r - an uncursed amulet of reflection {unknown}
Wands
 k - a wand of polymorph (5)
 q - a wand of paralysis (1)
 t - a wand of flame (6)
Scrolls
 a - 2 scrolls of immolation
 b - a scroll of fog {unknown}
 d - 2 scrolls of teleportation
 e - 2 scrolls of amnesia {unknown}
 j - a scroll of fear
 p - 5 scrolls of remove curse
 v - a scroll of random uselessness {unknown}
 y - 4 scrolls of identify
Potions
 h - 2 potions of flight
 i - 2 potions of resistance
 l - a potion of ambrosia
 s - a potion of attraction
 u - a potion of mutation
 x - 2 potions of haste {unknown}


   Skills:
 * Level 6.3 Fighting
 - Level 1.7 Dodging
 * Level 8.9 Unarmed Combat
 - Level 2.0 Spellcasting
 * Level 6.2 Transmutations


You couldn't memorise any spells.
You knew the following spells:

 Your Spells              Type           Power        Failure   Level
a - Beastly Appendage     Tmut           ###...       19%         1
b - Wereblood             Tmut           ###.....     24%         2
c - Spider Form           Tmut/Pois      ##........   58%         3
d - Blade Hands           Tmut           ###.......   82%         5

Your spell library contained the following spells:

 Spells                   Type           Power        Failure   Level
 Ice Form                 Ice/Tmut       ##......     87%         4


Dungeon Overview and Level Annotations

Branches:
Dungeon (5/15)              Sewer (visited)         Ossuary (visited)
 Temple: D:4-7

Altars:
Elyvilon
Fedhas

Annotations:
D:2 exclusion: oklob plant


Innate Abilities, Weirdness & Mutations

You can breathe wild blasts of lightning.
Your glossy black scales are hard. (AC +6)
You cannot fit into any form of body armour.
You are resistant to electric shocks. (rElec)
You are cold-blooded and may be slowed by cold attacks.
Your tail ends in a poisonous barb.
You are resistant to hostile enchantments. (MR+)
You expend magic power (3 MP) to strengthen your wands.


Message History

You breathe a wild blast of lightning!
You hear a mighty clap of thunder!
You hear a shout!
The orc wizard hits you from afar with a +0 trident.
The orc warrior hits you with a +0 broad axe!
Unknown command.
Unknown command.
Unknown command.
Unknown command.
Unknown command.
You barely miss the orc warrior.
The orc warrior is almost dead.
The orc wizard closely misses you. The orc hits you with a +0 flail.
Unknown command.
You completely miss the orc warrior.
The orc warrior is almost dead.
The orc wizard hits you but does no damage.
The orc warrior hits you with a +0 broad axe!!
* * * LOW HITPOINT WARNING * * *
The orc hits you with a +0 flail!
You die...

#.# ##.#
###.###########.#.# .#
...#...........###.#.#
###.#####^....## #..#
#.# #.###..###.#.# #
#.# #.# #...#......
#.# #.# #.#...##.#.#
#.# #.# #...#oo....#
#.# #.# #.#.@o#..
###.#####.###.##)## .
..........##..##.#
.###########.###.# .#
#...##.# .# #.P.#...
## #...##.# . ##.###.#
### #.#


You could see an orc warrior, an orc wizard (fast) and an orc.

Vanquished Creatures
  Sigmund (D:2)
  Duvessa (D:4)
  Purgy (Sewer)
  A sky beast (D:5)
  A phantom (D:4)
  An ogre (D:5)
  Blork the orc (D:4)
  2 scorpions
  Dowan (D:4)
  2 howler monkeys
  3 wights (D:5)
  2 centaur zombies (Ossuary)
  Crazy Yiuf (D:3)
  2 orc priests (D:4)
  A centaur skeleton (D:4)
  A hound (D:5)
  Terence (D:3)
  2 iguanas (D:5)
  6 orc wizards
  5 worker ants
  2 big kobold zombies (Ossuary)
  2 mummies (Ossuary)
  13 adders
  A white imp (D:5)
  An ooze (D:4)
  2 adder zombies (Ossuary)
  2 worms
  5 dart slugs
  6 leopard geckos
  18 orcs
  5 giant cockroaches
  7 goblins
  8 hobgoblins
  12 jackals
  11 kobolds
  5 quokkas
  5 bats
  6 frilled lizards
  3 goblin zombies (Ossuary)
  7 hobgoblin zombies (Ossuary)
  2 jackal zombies (Ossuary)
  7 kobold zombies (Ossuary)
  11 orc zombies (Ossuary)
  A quokka zombie (D:5)
  4 rats
  A rat zombie (Ossuary)
183 creatures vanquished.

Vanquished Creatures (others)
  70 plants
70 creatures vanquished.

Grand Total: 253 creatures vanquished

Notes
Turn   | Place    | Note
-------+----------+-------------------------------------------
     0 | D:1      | dickylongcocking the Draconian Transmuter began the quest
                  | for the Orb.
     0 | D:1      | Reached XP level 1. HP: 16/16 MP: 3/3
   401 | D:1      | Reached XP level 2. HP: 11/23 MP: 3/5
   936 | D:1      | Reached skill level 4 in Unarmed Combat
  1216 | D:1      | Reached XP level 3. HP: 26/28 MP: 6/6
  2353 | D:2      | Reached XP level 4. HP: 21/35 MP: 7/7
  2612 | D:2      | Reached skill level 5 in Unarmed Combat
  2805 | D:2      | Found a blossoming altar of Fedhas.
  2816 | D:2      | Noticed an oklob plant
  2831 | D:2      | Noticed Sigmund
  2841 | D:2      | Killed Sigmund
  2842 | D:2      | Reached skill level 6 in Unarmed Combat
  2842 | D:2      | Reached XP level 5. HP: 40/40 MP: 8/8
  3368 | D:3      | Noticed Terence
  3376 | D:3      | Killed Terence
  3377 | D:3      | Reached XP level 6. HP: 47/47 MP: 7/9
  3411 | D:3      | Learned a level 3 spell: Spider Form
  3811 | D:3      | Found a glowing drain.
  3975 | Sewer    | Entered a sewer
  4041 | Sewer    | Learned a level 2 spell: Wereblood
  4170 | Sewer    | Noticed Purgy
  4180 | Sewer    | Killed Purgy
  4181 | Sewer    | Reached skill level 7 in Unarmed Combat
  4372 | D:3      | Found a runed translucent door.
  4373 | D:3      | Noticed Crazy Yiuf
  4673 | D:3      | Killed Crazy Yiuf
  4674 | D:3      | Your scales start taking on a glossy black colour.
  4674 | D:3      | Reached XP level 7. HP: 32/56 MP: 6/10
  4674 | D:3      | Gained mutation: You are resistant to electric shocks.
                  | (rElec) [Black Draconian growth]
  4935 | D:4      | Noticed Blork the orc
  4966 | D:4      | Killed Blork the orc
  5406 | D:4      | Noticed Dowan
  5450 | D:4      | Killed Dowan
  5552 | D:4      | Noticed Duvessa
  5566 | D:4      | Killed Duvessa
  5567 | D:4      | Reached XP level 8. HP: 56/67 MP: 8/11
  6047 | D:4      | Reached skill level 8 in Unarmed Combat
  6109 | D:5      | Entered Level 5 of the Dungeon
  6198 | D:5      | Reached skill level 5 in Fighting
  6198 | D:5      | Reached skill level 5 in Transmutations
  6223 | D:5      | Found a sand-covered staircase.
  6228 | Ossuary  | Entered an ossuary
  6613 | D:5      | Gained mutation: Your tail ends in a poisonous barb.
                  | [potion of mutation]
  6613 | D:5      | Gained mutation: You are resistant to hostile enchantments.
                  | (MR+) [potion of mutation]
  6613 | D:5      | Gained mutation: You expend magic power (3 MP) to
                  | strengthen your wands. [potion of mutation]
  6904 | D:5      | Learned a level 5 spell: Blade Hands
  6990 | D:5      | Found a white marble altar of Elyvilon.
  7063 | D:5      | Slain by an orc

Illustrated notes

Levels and vault maps discovered:
D:1:      minmay_arrival_diagonal_passages, layout_loops_corners
D:2:      layout_basic, minmay_misc_feat_chi, tgw_fedhas, uniq_sigmund
D:3:      layout_basic, gup_sewer_entry_glass, uniq_crazy_yiuf_cottage,
          uniq_terence
D:4:      layout_loops_ring, serial_bayou, serial_bayou_pond_b,
          serial_bayou_lagoon_b, serial_bayou_lake_a, serial_bayou_pond_c,
          uniq_blork_the_orc, uniq_duvessa
D:5:      layout_loops_ring, elyvilon_altar_1, nicolae_ossuary_entry_plus,
          kennysheep_generic_room_14

Skill      XL: |  1  2  3  4  5  6  7  8 |
---------------+-------------------------+-----
Unarmed Combat | 4 6 7 8 |  8.9
Fighting       | 2 4 6 |  6.3
Transmutations | 3 4 6 |  6.2
Dodging        | |  1.7
Spellcasting   | |  2.0

Action                   |  1- 3 |  4- 6 |  7- 9 || total
-------------------------+-------+-------+-------++-------
Melee: Unarmed           |   182 |   118 |   294 ||   594
       Tailslap          |    10 |    14 |    21 ||    45
       Kick              |    14 |       |    16 ||    30
       Headbutt          |     3 |     1 |     3 ||     7
       Punch             |     1 |     1 |     5 ||     7
 Cast: Beastly Appendage |     8 |     4 |     6 ||    18
       Spider Form       |       |     7 |    11 ||    18
       Wereblood         |       |     2 |     1 ||     3
       Blade Hands       |       |       |     3 ||     3
 Abil: Breathe Lightning |       |       |     6 ||     6
Evoke: Wand              |       |       |     5 ||     5
  Use: Potion            |     1 |     2 |     9 ||    12
       Scroll            |       |     5 |       ||     5
 Stab: Sleeping          |       |     4 |     1 ||     5
       Paralysed         |       |       |     7 ||     7
Armor: Skin              |    65 |    30 |    63 ||   158
Dodge: Dodged            |   142 |    76 |   163 ||   381
       Repelled          |       |     1 |       ||     1

Table legend: (Time is in decaauts)
 A = Elapsed time spent in this place.
 B = Non-inter-level travel time spent in this place.
 C = Inter-level travel time spent in this place.
 D = Time resting spent in this place.
 E = Time spent auto-exploring this place.
 F = Levels seen in this place.
 G = Mean time per level.
                   A        B        C        D        E       F      G
               +--------+--------+--------+--------+--------+-----+--------+
         Total |   7054 |   6895 |    159 |   1811 |   3638 |   7 | 1007.7 |
       Dungeon |   6472 |   6313 |    159 |   1707 |   3368 |   5 | 1294.4 |
         Sewer |    334 |    334 |      0 |     86 |    182 |   1 |  334.0 |
       Ossuary |    248 |    248 |      0 |     18 |     88 |   1 |  248.0 |
               +--------+--------+--------+--------+--------+-----+--------+

Top non-repeatable levels by time:
     D:2: 1810 daAuts
     D:1: 1471 daAuts
     D:3: 1279 daAuts
     D:4: 1228 daAuts
     D:5: 681 daAuts
   Sewer: 334 daAuts
 Ossuary: 248 daAuts
